 Dungeon Crawl Stone Soup version 0.32-a0-999-gfa1cc04b1d (webtiles) character file.

Game seed: 11886568262899277902

34 2FriedEggs the Chopper (level 3, -2/33 HPs)
             Began as a Mountain Dwarf Monk on Apr 24, 2024.
             Slain by a gnoll
             ... wielding a +0 spear
              (7 damage)
             ... on level 2 of the Dungeon on Apr 25, 2024.
             The game lasted 00:02:19 (729 turns).

2FriedEggs the Chopper (Mountain Dwarf Monk)         Turns: 729, Time: 00:02:21

Health: -2/33      AC:  7    Str: 13    XL:     3   Next: 14%
Magic:  3/3        EV:  9    Int: 12    God:
Gold:   64         SH:  0    Dex: 12    Spells: 2/2 levels left

rFire   . . .        a - +0 hand axe
rCold   . . .        d - orb {light}
rNeg    . . .        e - +0 ring mail
rPois   .            g - +0 helmet
rElec   .            (no cloak)
rCorr   .            (no gloves)
SInv    .            f - +0 pair of boots
Will    .....        (no amulet)
Stlth   +            (no ring)
HPRegen 0.25/turn    (no ring)
MPRegen 0.08/turn

%: no passive effects
@: glowing
A: runic magic, artefact enchanting
a: no special abilities


You were on level 2 of the Dungeon.
You visited 1 branch of the dungeon, and saw 2 of its levels.

You collected 64 gold pieces.

Inventory:

Hand Weapons
 a - a +0 hand axe (weapon)
Missiles
 j - 3 javelins (quivered)
Armour
 d - an orb of light (worn)
 e - a +0 ring mail (worn)
 f - a +0 pair of boots (worn)
 g - a +0 helmet (worn)
 k - a +1 hat
Scrolls
 b - 2 scrolls of identify {unknown}
 m - a scroll of torment {unknown}
Potions
 c - a potion of ambrosia
 h - a potion of might {unknown}
 i - 2 potions of mutation {unknown}
 l - a potion of brilliance {unknown}


   Skills:
 + Level 3.8 Fighting
 * Level 4.7 Axes
 - Level 2.1 Dodging


You had 2 spell levels left.
You didn't know any spells.
Your spell library contained the following spells:

 Spells                   Type           Power      Damage    Failure   Level
 Maxwell's Portable Pile  Tloc           0%         2d(5-13)  75%         3
 Magnavolt                Erth/Air       0%         3d9       100%        7
 Maxwell's Capacitive Co  Air            0%         ∞         100%        8


Dungeon Overview and Level Annotations

Branches:
Dungeon (2/15)

Altars:

Shops:
D:1 !:


Innate Abilities, Weirdness & Mutations

Your spellcasting is much less encumbered by armour.
You can use scrolls of enchantment on lesser artefacts.


Message History

A gnoll is nearby!
A gnoll is nearby!
A gnoll comes into view. It is wielding a +0 halberd.
A gnoll comes into view. It is wielding a +0 halberd.
The gnoll shouts!
The gnoll throws a stone.
The stone barely misses you. The gnoll hits you with a +0 spear.
The gnoll closely misses you.
The gnoll throws a stone.
The stone completely misses you.
There is an open door here.
Hit: a) +0 hand axe
Press: ? - help, Dir - move target, f - you
Okay, then.
Unknown command.
Unknown command.
The gnoll attacks as it pursues you! The gnoll barely misses you.
The gnoll attacks as it pursues you! The gnoll barely misses you.
The gnoll hits you from afar with a +0 spear.
There is an open door, spattered with blood here.
The gnoll attacks as it pursues you! The gnoll hits you but does no damage.
The gnoll closely misses you.
You barely miss the gnoll. You barely miss the gnoll.
The gnoll hits you from afar with a +0 halberd!
The gnoll closely misses you.
You hit the gnoll.
The gnoll is moderately wounded.
The gnoll hits you from afar with a +0 halberd.
The gnoll closely misses you. The gnoll completely misses you.
The gnoll hits you from afar with a +0 halberd!
The gnoll hits you but does no damage.
You are too injured to fight recklessly!
You hit the gnoll but do no damage. You hit the gnoll.
The gnoll hits you with a +0 halberd!
* * * LOW HITPOINT WARNING * * *
The gnoll hits you from afar with a +0 halberd.
* * * LOW HITPOINT WARNING * * *
The gnoll hits you with a +0 spear!
You die...

##.......######.....#
#.........##.........
+.>.......'..........
#..)......##.....###.
#.......###..#.##
##.....## #..###
##..g## #... ##g##
##.## # ######@# #.#
.##....g.# #.#
....###.##
##..##...##
#..#.....# #.......##
#.###..## #.# #.....
#.####.####


You could see 3 gnolls.

Vanquished Creatures
  A dart slug (D:1)
  A ribbon worm (D:2)
  2 endoplasms (D:1)
  3 giant cockroaches (D:1)
  3 goblins (D:1)
  5 hobgoblins (D:1)
  A quokka (D:1)
  3 ball pythons (D:1)
  3 bats (D:1)
  A frilled lizard (D:1)
  2 kobolds (D:1)
  2 rats (D:1)
27 creatures vanquished.

Notes
Turn   | Place    | Note
-------+----------+-------------------------------------------
     0 | D:1      | 2FriedEggs the Mountain Dwarf Monk began the quest for the
                  | Orb.
     0 | D:1      | Reached XP level 1. HP: 19/19 MP: 1/1
    90 | D:1      | Reached skill level 4 in Axes
   120 | D:1      | Found Xouweyt's Distillery.
   174 | D:1      | Reached XP level 2. HP: 23/26 MP: 2/2
   378 | D:1      | Found Besa's Vocational Training.
   547 | D:1      | Reached XP level 3. HP: 30/33 MP: 3/3
   729 | D:2      | Slain by a gnoll

Illustrated notes

Levels and vault maps discovered:
D:1:      nagdon_arrival_zigzag_paths, layout_rooms, serial_shops,
          nicolae_shop_crystal, nicolae_shop_vocational
D:2:      layout_loops_corners, shapermc_ecumenical_altar_pompeii,
          nrook_mini_vaults

Skill      XL: |  1 |
---------------+----+-----
Axes           | 4 |  4.7
Fighting       | |  3.8
Dodging        | |  2.1

Action                     || total
---------------------------++-------
  Melee: Hand axe          ||    76
 Armour: Ring mail         ||    41
         Robe              ||     3
  Dodge: Dodged            ||    50

Table legend: (Time is in decaauts)
 A = Elapsed time spent in this place.
 B = Non-inter-level travel time spent in this place.
 C = Inter-level travel time spent in this place.
 D = Time resting spent in this place.
 E = Time spent auto-exploring this place.
 F = Levels seen in this place.
 G = Mean time per level.
                   A        B        C        D        E       F      G
               +--------+--------+--------+--------+--------+-----+--------+
         Total |    735 |    718 |     17 |      0 |    433 |   2 |  367.5 |
       Dungeon |    735 |    718 |     17 |      0 |    433 |   2 |  367.5 |
               +--------+--------+--------+--------+--------+-----+--------+

Top non-repeatable levels by time:
     D:1: 680 daAuts
     D:2: 54 daAuts
